TOP OF THE 1ST |
Scottsdale Scorpions batting - Pitching for Nantucket Orcas : RHP Pedro Santiago
|
Pitching: RHP Pedro Santiago
|
|
Batting: LHB José Garza
|
0-0: Ball 1-0: Ball 2-0: Ball 3-0: Called Strike 3-1: Bunted foul 3-2: Strikes out looking
|
Batting: LHB Alberto Roberts
|
0-0: Foul Ball, location: 2F 0-1: Foul Ball, location: 2F 0-2: Ball 1-2: Ball 2-2: Foul Ball, location: 2F 2-2: Foul Ball, location: 2F 2-2: Strikes out swinging
|
Batting: SHB Ralph Robison
|
0-0: Foul Ball, location: 2F 0-1: Fly out, F7 (Flyball, 7)
|
Top of the 1st over - 0 run(s), 0 hit(s), 0 error(s), 0 left on base; Scottsdale 0 - Nantucket 0 |
BOTTOM OF THE 1ST |
Nantucket Orcas batting - Pitching for Scottsdale Scorpions : LHP Eric Fisher
|
Pitching: LHP Eric Fisher
|
|
Batting: RHB Ramón Díaz
|
0-0: Foul Ball, location: 2F 0-1: Ball 1-1: Foul Ball, location: 2F 1-2: Foul Ball, location: 2F 1-2: Ball 2-2: Ground out 6-3 (Groundball, 6)
|
Batting: LHB Noah Gillespie
|
0-0: Ball 1-0: Foul Ball, location: 2F 1-1: Swinging Strike 1-2: Foul Ball, location: 2F 1-2: Strikes out swinging
|
Batting: RHB Pepe Franco
|
0-0: Called Strike 0-1: Ball 1-1: Foul Ball, location: 2F 1-2: Strikes out swinging
|
Bottom of the 1st over - 0 run(s), 0 hit(s), 0 error(s), 0 left on base; Scottsdale 0 - Nantucket 0 |
TOP OF THE 2ND |
Scottsdale Scorpions batting - Pitching for Nantucket Orcas : RHP Pedro Santiago
|
Batting: RHB Edgardo Gonzáles
|
0-0: Ball 1-0: Called Strike 1-1: Ball 2-1: Foul Ball, location: 2F 2-2: Foul Ball, location: 2F 2-2: Foul Ball, location: 2F 2-2: Foul Ball, location: 2F 2-2: SINGLE (Line Drive, 78S)
|
Batting: RHB Ronald Smith
|
0-0: Ball 1-0: Called Strike 1-1: Called Strike 1-2: Ball 2-2: SINGLE (Groundball, 6MD) Edgardo Gonzáles to second
|
Batting: RHB Jaime Delgado
|
0-0: Ball 1-0: Fly out, F8 (Line Drive, 8RM)
|
Batting: RHB Tommy Allen
|
0-0: Ball 1-0: Ball 2-0: Fly out, F8 (Flyball, 8RM)
|
Batting: RHB Miguel Ramos
|
0-0: Foul Ball, location: 2F 0-1: Ball 1-1: Foul Ball, location: 2F 1-2: Ground out 5-3 (Groundball, 2L)
|
Top of the 2nd over - 0 run(s), 2 hit(s), 0 error(s), 2 left on base; Scottsdale 0 - Nantucket 0 |
BOTTOM OF THE 2ND |
Nantucket Orcas batting - Pitching for Scottsdale Scorpions : LHP Eric Fisher
|
Batting: SHB Dan Dunn
|
0-0: Ball 1-0: Ball 2-0: Foul Ball, location: 2F 2-1: Foul Ball, location: 2F 2-2: Ball 3-2: Hit by Pitch
|
Batting: RHB Roberto Canó
|
0-0: Swinging Strike 0-1: Called Strike 0-2: Ball 1-2: Strikes out swinging
|
Batting: RHB César Osequedo
|
0-0: Foul Ball, location: 2F 0-1: Ball 1-1: Ball 2-1: Called Strike 2-2: Foul Ball, location: 2F 2-2: Foul Ball, location: 2F 2-2: Foul Ball, location: 2F 2-2: Ball 3-2: Foul Ball, location: 2F 3-2: Foul Ball, location: 2F 3-2: Foul Ball, location: 2F 3-2: Fly out, F8 (Line Drive, 8RM)
|
Batting: RHB Anastasio Zartuche
|
0-0: Ball 1-0: Ball 2-0: Ball 3-0: Called Strike 3-1: Foul Ball, location: 2F 3-2: Base on Balls Dan Dunn to second
|
Batting: RHB Domingo Hernández
|
0-0: Ball 1-0: Fly out, F1 (Line Drive, 13)
|
Bottom of the 2nd over - 0 run(s), 0 hit(s), 0 error(s), 2 left on base; Scottsdale 0 - Nantucket 0 |
TOP OF THE 3RD |
Scottsdale Scorpions batting - Pitching for Nantucket Orcas : RHP Pedro Santiago
|
Batting: SHB Luis López
|
0-0: Swinging Strike 0-1: Ball 1-1: Called Strike 1-2: Foul Ball, location: 2F 1-2: Foul Ball, location: 2F 1-2: Foul Ball, location: 2F 1-2: Foul Ball, location: 2F 1-2: Fly out, F8 (Flyball, 8LS)
|
Batting: LHB José Garza
|
0-0: SINGLE (Groundball, 6D)
|
Batting: LHB Alberto Roberts
|
0-0: Foul Ball, location: 2F 0-1: Ball 1-1: Ball 2-1: Foul Ball, location: 2F 2-2: Fielders Choice at 2nd, 4-6 (Groundball, 34)
|
Batting: SHB Ralph Robison
|
0-0: Ball Alberto Roberts steals 2nd base 1-0: Ball 2-0: TRIPLE (Flyball, 8RXD) Alberto Roberts scores
|
Batting: RHB Edgardo Gonzáles
|
0-0: Called Strike 0-1: Called Strike 0-2: Fly out, F9 (Line Drive, 9LM)
|
Top of the 3rd over - 1 run(s), 2 hit(s), 0 error(s), 1 left on base; Scottsdale 1 - Nantucket 0 |
BOTTOM OF THE 3RD |
Nantucket Orcas batting - Pitching for Scottsdale Scorpions : LHP Eric Fisher
|
Batting: LHB Eugene Lee
|
0-0: Foul Ball, location: 2F 0-1: Swinging Strike 0-2: Ball 1-2: Ball 2-2: SOLO HOME RUN (Flyball, 89XD), Distance : 396 ft
|
Batting: RHB Ramón Díaz
|
0-0: Ball 1-0: Called Strike 1-1: SINGLE (Flyball, 7LS)
|
Batting: LHB Noah Gillespie
|
0-0: Called Strike 0-1: Foul Ball, location: 2F 0-2: Strikes out looking
|
Batting: RHB Pepe Franco
|
0-0: Grounds into double play, 6-4-3 (Groundball, 6)
|
Bottom of the 3rd over - 1 run(s), 2 hit(s), 0 error(s), 0 left on base; Scottsdale 1 - Nantucket 1 |
TOP OF THE 4TH |
Scottsdale Scorpions batting - Pitching for Nantucket Orcas : RHP Pedro Santiago
|
Batting: RHB Ronald Smith
|
0-0: Called Strike 0-1: Ball 1-1: Foul Ball, location: 2F 1-2: Ball 2-2: Ground out 5-3 (Groundball, 56S)
|
Batting: RHB Jaime Delgado
|
0-0: Foul Ball, location: 2F 0-1: Ball 1-1: Foul Ball, location: 2F 1-2: Strikes out swinging
|
Batting: RHB Tommy Allen
|
0-0: Called Strike 0-1: Ball 1-1: Fly out, F7 (Flyball, 7)
|
Top of the 4th over - 0 run(s), 0 hit(s), 0 error(s), 0 left on base; Scottsdale 1 - Nantucket 1 |
BOTTOM OF THE 4TH |
Nantucket Orcas batting - Pitching for Scottsdale Scorpions : LHP Eric Fisher
|
Batting: SHB Dan Dunn
|
0-0: Called Strike 0-1: Called Strike 0-2: Strikes out swinging
|
Batting: RHB Roberto Canó
|
0-0: Foul Ball, location: 2F 0-1: Foul Ball, location: 2F 0-2: Strikes out looking
|
Batting: RHB César Osequedo
|
0-0: Ground out 1-3 (Groundball, 15S)
|
Bottom of the 4th over - 0 run(s), 0 hit(s), 0 error(s), 0 left on base; Scottsdale 1 - Nantucket 1 |
TOP OF THE 5TH |
Scottsdale Scorpions batting - Pitching for Nantucket Orcas : RHP Pedro Santiago
|
Batting: RHB Miguel Ramos
|
0-0: Called Strike 0-1: Ball 1-1: Ground out 6-3 (Groundball, 6)
|
Batting: SHB Luis López
|
0-0: Ball 1-0: Ground out 4-3 (Groundball, 34D)
|
Batting: LHB José Garza
|
0-0: Called Strike 0-1: Foul Ball, location: 2F 0-2: Foul Ball, location: 2F 0-2: Ball 1-2: Ground out 4-3 (Groundball, 4)
|
Top of the 5th over - 0 run(s), 0 hit(s), 0 error(s), 0 left on base; Scottsdale 1 - Nantucket 1 |
BOTTOM OF THE 5TH |
Nantucket Orcas batting - Pitching for Scottsdale Scorpions : LHP Eric Fisher
|
Batting: RHB Anastasio Zartuche
|
0-0: Ground out 6-3 (Groundball, 6)
|
Batting: RHB Domingo Hernández
|
0-0: Foul Ball, location: 2F 0-1: Ball 1-1: Foul Ball, location: 2F 1-2: Fly out, F7 (Line Drive, 7LD)
|
Batting: LHB Eugene Lee
|
0-0: Called Strike 0-1: Ball 1-1: Called Strike 1-2: Strikes out swinging
|
Bottom of the 5th over - 0 run(s), 0 hit(s), 0 error(s), 0 left on base; Scottsdale 1 - Nantucket 1 |
TOP OF THE 6TH |
Scottsdale Scorpions batting - Pitching for Nantucket Orcas : RHP Pedro Santiago
|
Batting: LHB Alberto Roberts
|
0-0: Ball 1-0: Swinging Strike 1-1: Ground out 4-3 (Groundball, 34)
|
Batting: SHB Ralph Robison
|
0-0: Ball 1-0: Swinging Strike 1-1: Ground out 4-3 (Groundball, 4)
|
Batting: RHB Edgardo Gonzáles
|
0-0: Foul Ball, location: 2F 0-1: Foul Ball, location: 2F 0-2: SINGLE (Line Drive, 89M)
|
Pitching: RHP Sean Flynn
|
|
Batting: RHB Ronald Smith
|
0-0: Swinging Strike 0-1: Foul Ball, location: 2F 0-2: Strikes out swinging
|
Top of the 6th over - 0 run(s), 1 hit(s), 0 error(s), 1 left on base; Scottsdale 1 - Nantucket 1 |
BOTTOM OF THE 6TH |
Nantucket Orcas batting - Pitching for Scottsdale Scorpions : LHP Eric Fisher
|
Batting: RHB Ramón Díaz
|
0-0: Called Strike 0-1: Foul Ball, location: 2F 0-2: Strikes out swinging
|
Batting: LHB Noah Gillespie
|
0-0: Ball 1-0: Called Strike 1-1: Ball 2-1: Ball 3-1: Foul Ball, location: 2F 3-2: Strikes out swinging
|
Batting: RHB Pepe Franco
|
0-0: Ball 1-0: Called Strike 1-1: Called Strike 1-2: Strikes out looking
|
Bottom of the 6th over - 0 run(s), 0 hit(s), 0 error(s), 0 left on base; Scottsdale 1 - Nantucket 1 |
TOP OF THE 7TH |
Scottsdale Scorpions batting - Pitching for Nantucket Orcas : RHP Sean Flynn
|
Pinch Hitting: SHB Arnold Moore
|
0-0: Ball 1-0: Ball 2-0: Ball 3-0: Base on Balls
|
Pinch Hitting: RHB Sergio Domínguez
|
0-0: Ball 1-0: Bunted foul 1-1: Sac Bunt - play at second, runner OUT! 1-6
|
Pinch Hitting: LHB Manny Vigil
|
0-0: SINGLE (Line Drive, 9LM) Sergio Domínguez to second
|
Pinch Hitting: LHB Sergio Fernández
|
0-0: Ball 1-0: Called Strike 1-1: Ball 2-1: Called Strike 2-2: Strikes out looking
|
Batting: LHB José Garza
|
0-0: Ball 1-0: Ball 2-0: Ball 3-0: Called Strike 3-1: Fly out, F1 (Line Drive, 13)
|
Top of the 7th over - 0 run(s), 1 hit(s), 0 error(s), 2 left on base; Scottsdale 1 - Nantucket 1 |
BOTTOM OF THE 7TH |
Nantucket Orcas batting - Pitching for Scottsdale Scorpions : LHP Eric Fisher
|
Pitching: RHP Billy O'Neal
|
|
Now at 1B: Manny Vigil
|
|
Now at 2B: Robinson Fernández
|
|
Now at SS: Arnold Moore
|
|
Now in RF: Justin Holland
|
|
Batting: SHB Dan Dunn
|
0-0: Swinging Strike 0-1: Foul Ball, location: 2F 0-2: Ball 1-2: Strikes out swinging
|
Batting: RHB Roberto Canó
|
0-0: Ground out 6-3 (Groundball, 6M)
|
Batting: RHB César Osequedo
|
0-0: Foul Ball, location: 2F 0-1: Ball 1-1: DOUBLE (Line Drive, 9)
|
Batting: RHB Anastasio Zartuche
|
0-0: Ball 1-0: Called Strike 1-1: Ball 2-1: Ground out 6-3 (Groundball, 6)
|
Bottom of the 7th over - 0 run(s), 1 hit(s), 0 error(s), 1 left on base; Scottsdale 1 - Nantucket 1 |
TOP OF THE 8TH |
Scottsdale Scorpions batting - Pitching for Nantucket Orcas : RHP Sean Flynn
|
Batting: LHB Alberto Roberts
|
0-0: Swinging Strike 0-1: SINGLE (Flyball, 8RS)
|
Batting: SHB Ralph Robison
|
0-0: Ball 1-0: Ball 2-0: Foul Ball, location: 2F 2-1: Ball 3-1: Base on Balls Alberto Roberts to second
|
Batting: RHB Edgardo Gonzáles
|
0-0: Ball 1-0: Fly out, F9 (Line Drive, 89M)
|
Batting: RHB Ronald Smith
|
0-0: Ball 1-0: SINGLE (Line Drive, 6MD) Alberto Roberts to third Ralph Robison to second
|
Batting: SHB Arnold Moore
|
0-0: Called Strike 0-1: Swinging Strike 0-2: Ball 1-2: Strikes out swinging
|
Batting: RHB Robinson Fernández
|
0-0: SINGLE (Line Drive, 4M) Alberto Roberts scores Ralph Robison to third Ronald Smith to second
|
Batting: LHB Manny Vigil
|
0-0: Ball 1-0: Ball 2-0: Ball 3-0: Called Strike 3-1: Foul Ball, location: 2F 3-2: Strikes out swinging
|
Top of the 8th over - 1 run(s), 3 hit(s), 0 error(s), 3 left on base; Scottsdale 2 - Nantucket 1 |
BOTTOM OF THE 8TH |
Nantucket Orcas batting - Pitching for Scottsdale Scorpions : RHP Billy O'Neal
|
Now at SS: Ricardo Gutiérrez
|
|
Batting: RHB Domingo Hernández
|
0-0: Ball 1-0: Called Strike 1-1: Foul Ball, location: 2F 1-2: Strikes out swinging
|
Batting: LHB Eugene Lee
|
0-0: Ball 1-0: Swinging Strike 1-1: Called Strike 1-2: Strikes out swinging
|
Batting: RHB Ramón Díaz
|
0-0: Called Strike 0-1: Ball 1-1: Foul Ball, location: 2F 1-2: Ball 2-2: SINGLE (Groundball, 34D)
|
Batting: LHB Noah Gillespie
|
0-0: Ball 1-0: Ball 2-0: Reached on error, E9 (Flyball, 9S) Ramón Díaz to third
|
Pinch Hitting: LHB Juan Lima
|
0-0: Ball 1-0: Swinging Strike 1-1: Ball 2-1: Called Strike 2-2: Foul Ball, location: 2F 2-2: Ball 3-2: Base on Balls
|
Batting: SHB Dan Dunn
|
0-0: Called Strike 0-1: Called Strike 0-2: Ball 1-2: Foul Ball, location: 2F 1-2: Ball 2-2: Ball 3-2: Strikes out swinging
|
Bottom of the 8th over - 0 run(s), 1 hit(s), 1 error(s), 3 left on base; Scottsdale 2 - Nantucket 1 |
TOP OF THE 9TH |
Scottsdale Scorpions batting - Pitching for Nantucket Orcas : RHP Sean Flynn
|
Now at 2B: Juan Lima
|
|
Batting: LHB Justin Holland
|
0-0: Ball 1-0: SINGLE (Groundball, 34D) (infield hit)
|
Batting: LHB José Garza
|
0-0: Bunted foul 0-1: Bunted foul 0-2: Ball 1-2: Foul Ball, location: 2F 1-2: Ball 2-2: Foul Ball, location: 2F 2-2: Ball 3-2: Base on Balls Justin Holland to second
|
Pitching: RHP Kade Coleman
|
|
Batting: LHB Alberto Roberts
|
0-0: Foul Ball, location: 2F 0-1: Ball 1-1: Called Strike 1-2: Grounds into double play, 6-4-3 (Groundball, 6) Justin Holland to third
|
Batting: SHB Ralph Robison
|
0-0: Ball 1-0: Called Strike 1-1: Foul Ball, location: 2F 1-2: Ball 2-2: Ball 3-2: Base on Balls
|
Batting: RHB Edgardo Gonzáles
|
0-0: SINGLE (Groundball, 56D) Justin Holland scores Ralph Robison to second
|
Batting: RHB Ronald Smith
|
0-0: Ball 1-0: Called Strike 1-1: Foul Ball, location: 2F 1-2: Ball 2-2: Ball 3-2: Strikes out looking
|
Top of the 9th over - 1 run(s), 2 hit(s), 0 error(s), 2 left on base; Scottsdale 3 - Nantucket 1 |
BOTTOM OF THE 9TH |
Nantucket Orcas batting - Pitching for Scottsdale Scorpions : RHP Billy O'Neal
|
Pitching: RHP Jesús Ramírez
|
|
Batting: RHB Roberto Canó
|
0-0: Called Strike 0-1: Ball 1-1: Ball 2-1: SINGLE (Line Drive, 6M)
|
Batting: RHB César Osequedo
|
0-0: Called Strike 0-1: Ground out 6-3 (Groundball, 6MS) Roberto Canó to second
|
Batting: RHB Anastasio Zartuche
|
0-0: Ball 1-0: Ball 2-0: Fly out, F9 (Flyball, 9)
|
Batting: RHB Domingo Hernández
|
0-0: Called Strike 0-1: Ball 1-1: Ball 2-1: Ball 3-1: Base on Balls
|
Batting: LHB Eugene Lee
|
0-0: Called Strike 0-1: Ball Passed Ball! Roberto Canó to third Domingo Hernández to second 1-1: Ground out 4-3 (Groundball, 4MD)
|
Bottom of the 9th over - 0 run(s), 1 hit(s), 0 error(s), 2 left on base; Scottsdale 3 - Nantucket 1 |
|